 Dungeon Crawl Stone Soup version 0.29-a0-451-gfbfa424 (webtiles) character file.

Game seed: 5394004725953596957

81 Illumine the Sneak (level 4, -1/27 HPs)
             Began as a Kobold Brigand on May 19, 2022.
             Succumbed to a kobold brigand's curare-tipped dart
             ... in a sewer.
             The game lasted 00:03:11 (2765 turns).

Illumine the Sneak (Kobold Brigand)                 Turns: 2765, Time: 00:03:12

Health: -1/27      AC:  4    Str:  8    XL:     4   Next: 68%
Magic:  4/4        EV: 14    Int: 12    God:
Gold:   120        SH:  5    Dex: 18    Spells: 3/3 levels left

rFire   . . .      SeeInvis .   a - +2 dagger
rCold   . . .      Faith    .   (no shield)
rNeg    . . .      Spirit   .   b - +0 robe
rPois   .          Reflect  +   (no helmet)
rElec   .          Harm     .   h - +0 cloak
rCorr   .          Rampage  .   q - +0 pair of gloves
Will    .....                   (no boots)
Stlth   ++++......              l - amulet of reflection
HPRegen 0.09/turn               (no ring)
MPRegen 0.09/turn               (no ring)

@: lethally poisoned (-1 -> -8), attractive, hasted and slowed
A: small, no large weapons, nightstalker 3
a: no special abilities


You were in a sewer.
You visited 1 branch of the dungeon, and saw 3 of its levels.
You also visited: Sewer.

You collected 120 gold pieces.

Inventory:

Hand Weapons
 a - a +2 dagger (weapon)
Missiles
 d - 6 poisoned darts (quivered)
 e - 3 curare-tipped darts
Armour
 b - a +0 robe (worn)
 h - a +0 cloak (worn)
 q - a +0 pair of gloves (worn)
Jewellery
 l - an amulet of reflection (around neck)
Scrolls
 f - a scroll of enchant weapon {unknown}
 g - a scroll of enchant armour {unknown}
 i - a scroll of identify {unknown}
 p - a scroll of brand weapon {unknown}
Potions
 j - a potion of might {unknown}
 k - a potion of degeneration {unknown}
 m - a potion of cancellation {unknown}
 n - a potion of haste
 o - a potion of ambrosia {unknown}


   Skills:
 - Level 2.3 Fighting
 * Level 4.9 Short Blades
 - Level 2.3 Throwing
 - Level 1.4 Dodging
 + Level 6.2 Stealth


You had 3 spell levels left.
You didn't know any spells.
Your spell library contained the following spells:

 Spells                   Type           Power      Damage    Failure   Level
 Conjure Flame            Conj/Fire      0%         6-21      69%         3
 Ignite Poison            Fire/Tmut/Pois 0%         N/A       69%         3
 Sticky Flame             Conj/Fire      0%         2d3       97%         4


Dungeon Overview and Level Annotations

Branches:
Dungeon (3/15)              Sewer (1/1)

Altars:
Cheibriados
Zin


Innate Abilities, Weirdness & Mutations

You are small and have problems with some larger weapons.
You are completely attuned to the shadows.


Message History

The kobold brigand looks more healthy.
The kobold brigand hits you with a +0 short sword!
You hit the kobold brigand but do no damage.
The kobold brigand is severely wounded.
The kobold brigand hits you with a +0 short sword!
* * * LOW HITPOINT WARNING * * *
You hit the kobold brigand but do no damage.
The kobold brigand is severely wounded.
Throw: 8 darts (poison)
Press: ? - help, Q - select action, (/) - cycle Shift-Dir - straight line, f/p - kobold brigand
Aim: a kobold brigand, wielding a +0 short sword and quivering curare-tipped darts (severely wounded, 56% to hit)
You throw a poisoned dart.
The poisoned dart barely misses the kobold brigand.
The poisoned dart completely misses the kobold.
You hear a splash.
The kobold brigand closely misses you.
Throw: 7 darts (poison)
Press: ? - help, Q - select action, (/) - cycle Shift-Dir - straight line, f/p - kobold brigand
Aim: a kobold brigand, wielding a +0 short sword and quivering curare-tipped darts (severely wounded, 56% to hit)
You throw a poisoned dart.
The poisoned dart hits the kobold brigand.
The kobold brigand is poisoned.
The kobold brigand is severely wounded.
You hear a splash.
The kobold brigand hits you with a +0 short sword.
* * * LOW HITPOINT WARNING * * *
The kobold brigand throws a curare-tipped dart.
The curare-tipped dart hits you.
You are lethally poisoned!
You have difficulty breathing.
* * * LOW HITPOINT WARNING * * *
You feel yourself slow down.
It was a potion of haste.
You feel yourself speed up.
* * * LOW HITPOINT WARNING * * *
You feel very sick.
The kobold brigand throws a curare-tipped dart.
The curare-tipped dart misses you.
It was a potion of attraction.
You feel attractive to monsters.
You die... ############################# #......∩∩...@K.K≈≈(≈≈≈≈≈≈≈≈≈≈ #############################

You could see a kobold brigand (poisoned) and a kobold.

Vanquished Creatures
  2 adders
  A river rat (Sewer)
  A dart slug (D:1)
  A worm (D:2)
  7 endoplasms
  3 giant cockroaches
  5 goblins
  7 hobgoblins
  2 quokkas
  2 ball pythons
  4 bats
  3 frilled lizards
  5 kobolds
  5 rats
48 creatures vanquished.

Notes
Turn   | Place    | Note
-------+----------+-------------------------------------------
     0 | D:1      | Illumine the Kobold Brigand began the quest for the Orb.
     0 | D:1      | Reached XP level 1. HP: 12/12 MP: 1/1
   181 | D:1      | Reached XP level 2. HP: 1/18 MP: 2/2
  1195 | D:1      | Reached XP level 3. HP: 16/22 MP: 3/3
  1370 | D:2      | Found a faded altar of an unknown god.
  2016 | D:2      | Found a snail-covered altar of Cheibriados.
  2019 | D:2      | Identified the +8 mace of Magnificence {flame, Will+}
  2032 | D:2      | Reached XP level 4. HP: 26/27 MP: 4/4
  2116 | D:2      | Reached skill level 6 in Stealth
  2303 | D:3      | Found a glowing silver altar of Zin.
  2322 | D:3      | Found a glowing drain.
  2376 | Sewer    | Entered a sewer
  2721 | Sewer    | Noticed a kobold brigand
  2764 | Sewer    | HP: 1/27 [poisoned by a kobold brigand (curare-tipped
                  | dart)]
  2765 | Sewer    | Succumbed to a kobold brigand's curare-tipped dart

Illustrated notes

Levels and vault maps discovered:
D:1:      mrwooster_arrival_statue, layout_loops_ring, hangedman_decor_push,
          kennysheep_boxes
D:2:      layout_loops_ring, basic_altar, ebering_ecumenical_altar_sacrificial,
          grunt_ministairs_1
D:3:      layout_rooms, zin_scriptorium, gup_sewer_entry_glass
Sewer:    sewer_kobolds

Skill      XL: |  1  2  3  4 |
---------------+-------------+-----
Short Blades   | 3 4 |  4.9
Stealth        | 6 |  6.2
Fighting       | |  2.3
Throwing       | |  2.3
Dodging        | |  1.4

Action                   |  1- 3 |  4- 6 || total
-------------------------+-------+-------++-------
Melee: Dagger            |    82 |    66 ||   148
       Punch             |       |     1 ||     1
Throw: Dart              |       |     5 ||     5
  Use: Potion            |       |     2 ||     2
 Stab: Sleeping          |    14 |     4 ||    18
Armor: Robe              |    11 |     9 ||    20
Dodge: Dodged            |    45 |    20 ||    65
Block: Other             |       |     7 ||     7

Table legend: (Time is in decaauts)
 A = Elapsed time spent in this place.
 B = Non-inter-level travel time spent in this place.
 C = Inter-level travel time spent in this place.
 D = Time resting spent in this place.
 E = Time spent auto-exploring this place.
 F = Levels seen in this place.
 G = Mean time per level.
                   A        B        C        D        E       F      G
               +--------+--------+--------+--------+--------+-----+--------+
         Total |   2786 |   2728 |     58 |    831 |   1411 |   4 |  696.5 |
       Dungeon |   2356 |   2298 |     58 |    635 |   1322 |   3 |  785.3 |
         Sewer |    430 |    430 |      0 |    196 |     89 |   1 |  430.0 |
               +--------+--------+--------+--------+--------+-----+--------+

Top non-repeatable levels by time:
     D:1: 1305 daAuts
     D:2: 944 daAuts
   Sewer: 430 daAuts
     D:3: 107 daAuts
